Unix NetHack Version 5.0.0-0 post-release - last build May 10 2026 23:12:36 (d1fa5d53e341ca933230fdaa984d921c805b60aa,branch:main).

Game began 2026-05-13 12:41:20, ended 2026-05-13 13:10:02.

DaveT, lawful male human Priest

                        -----------       -----------
                        |....|....---     |.........|
                        |..``|``...>|     |.........|
                        |..`......---     |.........|
                        |....|....|       |....<....|
                        |-.---------      |.........|
                        |....|.....|      |.........|
                        |.@..|.....|      |.........|
                        |.`d.......|      |.........|
                        |....|.....----------------+|
                        |....|.....^..............^.|
                        -----------------------------

DaveT the Adept              St:10 Dx:12 Co:18 In:12 Wi:17 Ch:9  Lawful
Dlvl:4  $:593 HP:0(52) Pw:76(76) AC:4  Xp:6 T:4405 

Latest messages:
 You hear a boulder fall.
 With great effort you move the boulder.
 With great effort you move the boulder.
 With great effort you move the boulder.
 You try to move the boulder, but in vain.
 With great effort you move the boulder.
 The boulder suddenly rolls away from you!
 You hear a boulder fall.
 With great effort you move the boulder.
 With great effort you move the boulder.
 With great effort you move the boulder.
 You are beginning to feel hungry.
 With great effort you move the boulder.
 You try to move the boulder, but in vain.
 The boulder suddenly rolls away from you!
 You hear a boulder fall.
 What do you want to eat? [eflHRUZ or ?*] ?
 This lembas wafer is delicious!
 You finish eating the lembas wafer.
 With great effort you move the boulder.
 With great effort you move the boulder.
 With great effort you move the boulder.
 A large dog suddenly appears close by!
 The large dog bites!
 You hit the large dog!
 The large dog bites!
 You miss the large dog.
 The large dog bites!
 You hit the large dog.
 The large dog bites!
 You hit the large dog!
 The large dog bites!
 The large dog bites!
 You hit the large dog!
 The large dog bites!
 You hit the large dog!
 The large dog bites!
 You miss the large dog.
 The large dog bites!
 You miss the large dog.
 The large dog bites!
 You hit the large dog!
 The large dog bites!
 The large dog bites!
 Are you sure you want to pray? [yn] (n) y
 You begin praying to Athena.
 The large dog bites!
 You die...
 Do you want your possessions identified? [ynq] (y) y
 Do you want to see your attributes? [ynq] (y) q

Inventory:
 Coins    ('$')
  $ - 593 gold pieces
 Amulets  ('"')
  E - an amulet of ESP (being worn)
 Weapons  (')')
  m - 18 +0 darts
  D - 2 rustproof +0 shuriken
  G - a blessed +4 dagger
  F - a +0 orcish dagger
  a - a blessed corroded +1 mace (weapon in right hand)
 Armor    ('[')
  j - a +0 orcish helm (being worn)
  k - a +0 pair of jumping boots (being worn)
  T - a +0 shield of reflection (being worn)
  b - a +0 robe (being worn)
 Comestibles  ('%')
  R - 2 bananas
  H - a carrot
  e - a clove of garlic
  U - 2 cream pies
  l - 4 food rations
  f - a sprig of wolfsbane
 Scrolls  ('?')
  V - a scroll of earth
  Y - a cursed scroll of earth
  u - a cursed scroll of enchant weapon
  J - a scroll of remove curse
 Spellbooks  ('+')
  h - a spellbook of healing
  g - a spellbook of protection
 Potions  ('!')
  M - a potion of blindness
  L - a potion of hallucination
  O - a potion of healing
  I - a potion of levitation
  W - a potion of sickness
  d - a potion of holy water
  x - 2 potions of water
 Rings    ('=')
  o - a ring of regeneration
  C - a ring of sustain ability
  X - a ring of warning
 Wands    ('/')
  S - a wand of probing (0:8)
 Tools    ('(')
  i - a magic marker (0:12)
  z - an oil lamp
  B - a skeleton key
 Gems/Stones  ('*')
  Q - an amber stone
  P - an amethyst stone
  q - a worthless piece of blue glass
  s - a worthless piece of red glass
  N - a worthless piece of yellowish brown glass

DaveT the Priest's attributes:

Background:
 You were an Adept, a level 6 human Priest.
 You were lawful, on a mission for Athena
 who was opposed by Hermes (neutral) and Poseidon (chaotic).
 You were right-handed.
 You were in Sokoban, on level 4.
 You entered the dungeon 4405 turns ago.
 You had 412 experience points, 228 more were needed to attain level 7.

Basics:
 You had 0 out of 52 hit points.
 You had all 76 energy points (spell power).
 Your armor class was 4.
 Your wallet contained 593 zorkmids.
 Autopickup was off.

Final Characteristics:
 Your strength was 10 (limit:18/100).
 Your dexterity was 12 (limit:18).
 Your constitution was 18 (limit:18).
 Your intelligence was 12 (limit:18).
 Your wisdom was 17 (limit:18).
 Your charisma was 9 (limit:18).

Final Status:
 You weren't hungry.
 You were unencumbered.
 You were wielding a mace.
 You were skilled in mace.

Final Attributes:
 You were piously aligned.
 You were telepathic.
 You could jump.
 You were guarded.
 Your spell casting was enhanced by wearing a robe.
 You had reflection.
 You are dead.

Miscellaneous:
 You didn't encounter any bones levels.
 Total elapsed playing time was 28 minutes and 42 seconds.

Major events:
 Turn
    1: DaveT the lawful human Priest entered the dungeon
  874: attained the rank of Acolyte (level 3)
 2539: entered Sokoban
 3130: entered the Gnomish Mines
 3426: attained the rank of Adept (level 6)
 3993: completed 1st Sokoban level
 4405: killed by a large dog, while praying

Spells:
 Name                 Level Category     Fail Retention
 protection             1   clerical      60%   71%-80%
 healing                1   healing       55%  76%-100%
 knock                  1   matter        60%  76%-100%
 magic mapping          5   divination    99%  76%-100%
 detect treasure        4   divination    99%  76%-100%

Skills:
 Fighting Skills
   bare handed combat [Unskilled]
 Weapon Skills
   club               [Unskilled]
   mace               [Skilled]
   morning star       [Unskilled]
   flail              [Unskilled]
   hammer             [Unskilled]
   quarterstaff       [Unskilled]
   polearms           [Unskilled]
   spear              [Unskilled]
   trident            [Unskilled]
   lance              [Unskilled]
   bow                [Unskilled]
   sling              [Unskilled]
   crossbow           [Unskilled]
   dart               [Unskilled]
   shuriken           [Unskilled]
   boomerang          [Unskilled]
   unicorn horn       [Unskilled]
 Spellcasting Skills
   healing spells     [Unskilled]
   divination spells  [Unskilled]
   clerical spells    [Basic]

Voluntary challenges:
 Character rerolling was not enabled.
 You never genocided any monsters.
 You never polymorphed an object.
 You never changed form.
 You used no wishes.
 You did not violate any of the special Sokoban rules.
Achievements:
 You entered a shop.
 You attained the rank of Acolyte.
 You entered Sokoban.
 You entered the Gnomish Mines.
 You attained the rank of Adept.

 The Dungeons of Doom: levels 1 to 6
    Level 1:
       Many fountains.
    Level 2:
       A fountain.
    Level 3:
       A general store.
    Level 4:
       A general store, a fountain.
       Stairs down to The Gnomish Mines.
    Level 5:
       Many fountains.
    Level 6:
       A general store, a fountain.
       Stairs up to Sokoban, level 5.
 The Gnomish Mines:
    Level 5:
 Sokoban: levels 5 up to 4
    Level 4: <- You were here.
       Unsolved.
       Final resting place for
          you, killed by a large dog, while praying.
    Level 5:
       Solved.


Vanquished creatures:
  2 wolves
  a bugbear
  a mountain nymph
  2 ponies
  a shrieker
  a gnome leader
  a kobold mummy
  a red naga hatchling
 an elf zombie
  a ghoul
  a homunculus
  2 kobold leaders
  a kobold shaman
  a rabid rat
  a centipede
  3 orc zombies
  3 dwarf zombies
 an iguana
  3 acid blobs
  6 manes
  2 large kobolds
  a hobgoblin
  a giant rat
  3 brown molds
  a green mold
  a gnome
  2 garter snakes
  2 gnome zombies
  5 jackals
  a kobold
  4 goblins
  4 sewer rats
  a grid bug
  a bat
  4 lichens
  3 kobold zombies
  7 newts
77 creatures vanquished.

No species were genocided or became extinct.

Game over:
                       ----------
                      /          \
                     /    REST    \
                    /      IN      \
                   /     PEACE      \
                  /                  \
                  |      DaveT       |
                  |      593 Au      |
                  |   killed by a    |
                  |    large dog     |
                  |                  |
                  |                  |
                  |       2026       |
                 *|     *  *  *      | *
        _________)/\\_//(\/(/\)/\//\/|_)_______

Goodbye DaveT the Priest...

You died in Sokoban on dungeon level 4 with 2452 points,
and 593 pieces of gold, after 4405 moves.
You were level 6 with a maximum of 52 hit points when you died.

